 Dungeon Crawl Stone Soup version 0.27.1 (webtiles) character file.

Game seed: 14314798765736638341

56 horus123 the Skirmisher (level 4, -7/37 HPs)
             Began as a Human Abyssal Knight on Aug 21, 2021.
             Was a Follower of Lugonu.
             Mangled by an iguana (12 damage)
             ... on level 2 of the Dungeon.
             The game lasted 00:02:34 (1926 turns).

horus123 the Skirmisher (Human Abyssal Knight)      Turns: 1926, Time: 00:02:34

Health: -7/37      AC:  3    Str: 13    XL:     4   Next: 17%
Magic:  5/5        EV: 11    Int: 13    God:    Lugonu [*.....]
Gold:   40         SH:  0    Dex: 12    Spells: 3/3 levels left

rFire    . . .     SeeInvis .   a - +1 falchion
rCold    . . .     Faith    .   (no shield)
rNeg     . . .     Spirit   .   b - +0 leather armour
rPois    .         Reflect  .   (no helmet)
rElec    .         Harm     .   (no cloak)
rCorr    .         Rampage  .   (no gloves)
Will     .....                  (no boots)
Stlth    +.........             (no amulet)
HPRegen  0.12/turn              (no ring)
MPRegen  0.09/turn              (no ring)

@: no status effects
A: no striking features
a: Renounce Religion, Depart the Abyss


You were on level 2 of the Dungeon.
You worshipped Lugonu.
Lugonu was aware of your devotion.
You visited 1 branch of the dungeon, and saw 2 of its levels.
You visited the Abyss 1 time.

You collected 40 gold pieces.

Inventory:

Hand Weapons
 a - a +1 falchion (weapon)
Armour
 b - a +0 leather armour (worn)
 e - a +0 ring mail
Scrolls
 d - a scroll of noise {unknown}
Potions
 c - 3 potions of degeneration


   Skills:
 * Level 3.7 Fighting
 + Level 2.4 Long Blades
 + Level 2.6 Armour
 + Level 1.4 Dodging
 * Level 2.2 Invocations


You had 3 spell levels left.
You didn't know any spells.
Your spell library was empty.

Dungeon Overview and Level Annotations

Branches:
Dungeon (2/15)

Altars:


Message History

The iguana is heavily wounded.
The iguana bites you!
You are too injured to fight recklessly!
You are too injured to fight recklessly!
You are too injured to fight recklessly!
You are too injured to fight recklessly!
You are too injured to fight recklessly!
You are too injured to fight recklessly!
You are too injured to fight recklessly!
You are too injured to fight recklessly!
You are too injured to fight recklessly!
You are too injured to fight recklessly!
You are too injured to fight recklessly!
You are too injured to fight recklessly!
You are too injured to fight recklessly!
You are too injured to fight recklessly!
You are too injured to fight recklessly!
You are too injured to fight recklessly!
You are too injured to fight recklessly!
You are too injured to fight recklessly!
You are too injured to fight recklessly!
You are too injured to fight recklessly!
You are too injured to fight recklessly!
You are too injured to fight recklessly!
You are too injured to fight recklessly!
You are too injured to fight recklessly!
You are too injured to fight recklessly!
Unknown command.
You hit the iguana but do no damage.
The iguana is heavily wounded.
The iguana misses you. The iguana bites you!
* * * LOW HITPOINT WARNING * * *
You barely miss the iguana.
The iguana is heavily wounded.
The iguana bites you but does no damage.
The kobold completely misses you.
You hit the iguana.
The iguana is heavily wounded.
The iguana bites you!
You die...

.<......## #.# #.# #.# #.#
#<#......####.# #.###)###.#
# #.........#.# #...'.'...#
#.#.###.###...# #####.#####
#........>.##.# #.#
#...........#.#######'#####
#...........#..........)...
#.............#...######...
#........K@..##. ##......
#..........l......##..#....
#.................[........
#.................##..##...
#...(................# #...
####.####........... #...
#. ##.......#..####.. #
...........J.... .........


You could see an iguana and a kobold.

Vanquished Creatures
  An adder (D:2)
  2 dart slugs (D:1)
  3 bats (D:1)
  3 endoplasms
  4 giant cockroaches (D:1)
  8 goblins
  7 hobgoblins
  4 ball pythons
  2 frilled lizards
  3 kobolds
  2 rats
39 creatures vanquished.

Notes
Turn   | Place    | Note
-------+----------+-------------------------------------------
     0 | Abyss:1  | horus123 the Human Abyssal Knight began the quest for the
                  | Orb.
     0 | Abyss:1  | Reached XP level 1. HP: 18/18 MP: 2/2
     8 | Abyss:1  | Found a corrupted altar of Lugonu.
    50 | Abyss:1  | Noticed a large abomination
    51 | D:1      | Escaped the Abyss
    81 | D:1      | Reached * piety under Lugonu
   373 | D:1      | Reached XP level 2. HP: 8/24 MP: 3/3
  1105 | D:1      | Reached XP level 3. HP: 24/29 MP: 4/4
  1737 | D:2      | Reached XP level 4. HP: 29/37 MP: 5/5
  1926 | D:2      | Mangled by an iguana

Illustrated notes

Levels and vault maps discovered:
D:1:      ncdulo_watergridlock, layout_rooms
D:2:      layout_rooms, basic_altar, hellmonk_ecumenical_altar_blasted,
          minmay_door_square

Action                   |  1- 3 |  4- 6 || total
-------------------------+-------+-------++-------
Melee: Falchion          |    95 |    12 ||   107
Invok: Depart the Abyss  |     1 |       ||     1
  Use: Scroll            |     1 |       ||     1
Armor: Leather armour    |    28 |     3 ||    31
Dodge: Dodged            |    60 |     3 ||    63
       Rpst.: Falchion   |    18 |     1 ||    19
